 Dungeon Crawl Stone Soup version 0.23.2-1-ga50397a (webtiles) character file.

Game seed: 9859614284059622389

502 dengdeng the Chopper (level 6, 0/84 HPs)
             Began as a Minotaur Berserker on May 3, 2019.
             Was a Priest of Trog.
             Slain by Grinder (4 damage)
             ... on level 3 of the Dungeon.
             The game lasted 00:08:26 (2114 turns).

dengdeng the Chopper (Minotaur Berserker)           Turns: 2114, Time: 00:08:28

Health: 0/84       AC:  8    Str: 29    XL:     6   Next: 95%
Magic:  5/5        EV: 12    Int:  4    God:    Trog [***...]
Gold:   193        SH:  3    Dex:  9    Spells: 5/5 levels left

rFire    + . .     SeeInvis .   a - +0 hand axe
rCold    . . .     Gourm    .   (no shield)
rNeg     . . .     Faith    .   t - +2 ring mail {rF+}
rPois    .         Spirit   .   (helmet restricted)
rElec    .         Reflect  +   (no cloak)
rCorr    .         Harm     .   (no gloves)
MR       .....                  (no boots)
Stlth    ..........             p - +3 amulet of reflection
HPRegen  0.24/turn              (no ring)
MPRegen  0.09/turn              (no ring)

@: berserking, very quick
A: retaliatory headbutt, horns 2
a: Berserk, Trog's Hand, Renounce Religion


You were on level 3 of the Dungeon.
You worshipped Trog.
Trog was most pleased with you.
You were very hungry.

You visited 1 branch of the dungeon, and saw 3 of its levels.

You collected 193 gold pieces.

Inventory:

Hand Weapons
 a - a +0 hand axe (weapon)
Missiles
 g - 113 stones
 h - 6 steel tomahawks (quivered)
Armour
 t - a +2 ring mail of fire resistance (worn)
Jewellery
 p - a +3 amulet of reflection (around neck)
Scrolls
 k - 2 scrolls of enchant armour {unknown}
 l - a scroll of immolation {unknown}
 m - 3 scrolls of identify
 n - 3 scrolls of enchant weapon {unknown}
 o - a scroll of teleportation {unknown}
 r - a scroll of remove curse {unknown}
 s - a scroll of random uselessness {unknown}
Potions
 b - a potion of degeneration {unknown}
 e - a potion of curing {unknown}
 f - a potion of invisibility {unknown}
 i - a potion of might {unknown}
 j - a potion of magic {unknown}
Comestibles
 c - 9 rations
 q - 7 chunks of flesh


   Skills:
 + Level 5.1 Fighting
 + Level 6.3 Axes
 * Level 6.0 Armour
 + Level 3.1 Dodging
 + Level 0.1 Stealth


You had 5 spell levels left.
You didn't know any spells.
Your spell library was empty.

Dungeon Overview and Level Annotations

Branches:
Dungeon (3/15)

Altars:
Yredelemnul
Beogh

Annotations:
D:3 Grinder


Innate Abilities, Weirdness & Mutations

You reflexively headbutt those who attack you in melee.
You have a pair of horns on your head.


Message History

Grinder is moderately wounded.
Grinder hits you but does no damage.
You hit Grinder. Your headbutt misses Grinder.
Grinder is heavily wounded.
Grinder says, "Tell me all your secrets, or I'll kill you."
Grinder barely misses you.
You closely miss Grinder.
Grinder is heavily wounded.
Grinder hits you.
* * * LOW HITPOINT WARNING * * *
You writhe in agony.
* * * LOW HITPOINT WARNING * * *
Unknown command.
A red film seems to cover your vision as you go berserk!
You feel yourself moving faster!
You feel mighty!
You are feeling very hungry.
Grinder hits you!
* * * LOW HITPOINT WARNING * * *
You writhe in agony.
You die...

#..### # ##.# ##
#.# #####. #.#
.......
#)#####.######.
##########)......#
##
........##.#######
# #....5......# #
#....)@).†..# ##
#...........# #.
...####......# #)
. #......# #(
#.##.### #) #.##.#
#. ..##.# ##. ####
.# ######..
##...#.#.


You could see Grinder.

Vanquished Creatures
  The ghost of Tribosh the Magician, an amateur DEFE of Vehumet (D:3)
  A howler monkey (D:3)
  3 orc priests (D:3)
  Jessica (D:3)
  2 orc wizards (D:3)
  4 gnolls (D:3)
  7 adders
  An ooze (D:3)
  An adder skeleton (D:2)
  2 worms (D:2)
  2 dart slugs
  3 leopard geckos
  9 orcs (D:3)
  4 giant cockroaches
  5 goblins
  4 hobgoblins
  A quokka (D:3)
  A ball python (D:3)
  4 bats
  8 frilled lizards
  6 kobolds
  3 rats
73 creatures vanquished.

Vanquished Creatures (others)
  A rat (D:3)
1 creature vanquished.

Grand Total: 74 creatures vanquished

Notes
Turn   | Place    | Note
-------+----------+-------------------------------------------
     0 | D:1      | dengdeng the Minotaur Berserker began the quest for the
                  | Orb.
     0 | D:1      | Reached XP level 1. HP: 19/19 MP: 0/0
   287 | D:1      | Reached XP level 2. HP: 27/27 MP: 1/1
   847 | D:2      | Reached XP level 3. HP: 33/33 MP: 2/2
  1147 | D:2      | Reached ** piety under Trog
  1147 | D:2      | Reached XP level 4. HP: 41/41 MP: 3/3
  1210 | D:2      | Found a basalt altar of Yredelemnul.
  1473 | D:3      | Found a roughly hewn altar of Beogh.
  1478 | D:3      | Reached XP level 5. HP: 28/47 MP: 4/4
  1721 | D:3      | Found a runed translucent door.
  1721 | D:3      | Noticed Tribosh's ghost (amateur DEFE)
  1743 | D:3      | Killed Tribosh's ghost
  1743 | D:3      | Reached skill level 5 in Axes
  1743 | D:3      | Reached skill level 5 in Armour
  1743 | D:3      | Reached XP level 6. HP: 55/55 MP: 5/5
  2058 | D:3      | Noticed Jessica
  2060 | D:3      | Killed Jessica
  2064 | D:3      | Reached skill level 5 in Fighting
  2101 | D:3      | Noticed Grinder
  2104 | D:3      | Reached *** piety under Trog
  2114 | D:3      | HP: 4/84 [Grinder (7)]
  2114 | D:3      | Slain by Grinder

Skill      XL: |  1  2  3  4  5  6 |
---------------+-------------------+-----
Fighting       | 4 5 |  5.1
Axes           | 4 5 6 |  6.3
Armour         | 3 4 5 6 |  6.0
Dodging        | 3 |  3.1
Stealth        | |  0.1

Action                   |  1- 3 |  4- 6 || total
-------------------------+-------+-------++-------
Melee: Hand axe          |    56 |   123 ||   179
       Headbutt          |    10 |    15 ||    25
Invok: Berserk           |       |     2 ||     2
  Use: Scroll            |       |     1 ||     1
  Eat: Chunk             |     1 |     4 ||     5
Armor: Ring mail         |    13 |    27 ||    40
Dodge: Dodged            |    42 |    55 ||    97
Block: Other             |       |     9 ||     9
